 Dungeon Crawl Stone Soup version 0.15-a0-674-g7948ca6 (webtiles) character file.

44988 4tharraofdagon the Severer (level 13, 0/117 HPs)
             Began as a Minotaur Gladiator on May 9, 2014.
             Was the Champion of Makhleb.
             Shot with a bolt by an orc knight (5 damage)
             ... on Level 4 of the Orcish Mines.
             The game lasted 01:07:17 (7594 turns).

4tharraofdagon the Severer (Minotaur Gladiator)     Turns: 7594, Time: 01:07:17

HP   0/117       AC 32     Str 21      XL: 13   Next: 99%
MP  19/19        EV  7     Int  6      God: Makhleb [******]
Gold 1803        SH  0     Dex 12      Spells:  5 memorised, 12 levels left

rFire  . . .     SeeInvis .     D - +9,+8 battleaxe "Irohew" {chop, rC++ Str+1 Int-3}
rCold  + + .     Clarity  +     l - +10 plate armour {ponderous}
rNeg   . . .     Conserve .     (no shield)
rPois  .         rCorr    +     J - +1 hat {MR+}
rElec  .         rRot     .     N - +2 cloak {MR+}
SustAb . .       Spirit   .     g - +0 pair of gloves
rMut   .         Warding  .     w - -1 pair of boots
Saprov . . .     Stasis   .     T - amulet of resist corrosion
MR     ++...                    A - ring of wizardry
                                h - ring of teleport control

@: short of breath, about to teleport, lethally poisoned, slowed, very slow,
very resistant to hostile enchantments, extremely unstealthy
A: retaliatory headbutt, horns 2, clarity, regeneration 1, wild magic 1
a: Minor Destruction, Lesser Servant of Makhleb, Major Destruction, Greater
Servant of Makhleb, Renounce Religion, Evoke Teleport Control


You were on level 4 of the Orcish Mines.
You worshipped Makhleb.
Makhleb was exalted by your worship.
You were hungry.

You visited 3 branches of the dungeon, and saw 25 of its levels.
You also visited: Labyrinth and Ossuary.

You collected 1803 gold pieces.

Inventory:

Hand weapons
 D - the +9,+8 battleaxe "Irohew" (weapon) {chop, rC++ Str+1 Int-3}
   (You found it on level 10 of the Dungeon)

   It inflicts extra damage upon your enemies.
   It affects your strength (+1).
   It affects your intelligence (-3).
   It greatly protects you from cold.
 U - a +1,+0 executioner's axe
Missiles
 d - 3 throwing nets (quivered)
 W - 6 curare-tipped needles
Armour
 c - a +0 hat
 g - a +0 pair of gloves (worn)
 l - a +10 plate armour of ponderousness (worn)
 w - a -1 pair of boots (worn)
 J - a +1 hat of magic resistance (worn)
 N - a +2 cloak of magic resistance (worn)
 O - a +1 troll leather armour
Magical devices
 b - a wand of fireball (2)
 p - a wand of enslavement (8)
 y - a wand of fire (2)
 C - a wand of disintegration (6)
 M - a wand of fire (7)
 X - a wand of fire (6)
Comestibles
 f - 8 bread rations
 m - 6 meat rations
 L - 10 honeycombs
Scrolls
 i - 2 scrolls of immolation
 q - 6 scrolls of remove curse
 u - a scroll of noise
 H - 6 scrolls of teleportation
 K - 2 scrolls of recharging
 Q - 4 scrolls of amnesia
Jewellery
 h - a ring of teleport control (left hand)
 A - a ring of wizardry (right hand)
 R - an uncursed ring of ice
 S - an uncursed ring of teleportation
 T - an amulet of resist corrosion (around neck)
Potions
 e - 3 potions of mutation {unknown}
 k - 3 potions of curing
 o - 3 potions of might {unknown}
 r - a potion of agility
 s - 2 potions of resistance
 t - 3 potions of flight
 v - 4 potions of invisibility
 x - 4 potions of restore abilities
 z - 2 potions of lignification
 B - a potion of haste
 E - 4 potions of brilliance
 F - 2 potions of magic
 I - a potion of cure mutation
Miscellaneous
 n - a plain deck of changes
 G - an ornate deck of changes
 P - a fan of gales
Rods
 a - a +3 rod of destruction (9/9)
   (You found it in a labyrinth)
 j - a +4 rod of inaccuracy (11/11)
   (You found it in a labyrinth)


   Skills:
 + Level 11.8 Fighting
 * Level 16.5 Axes
 - Level 2.0 Throwing
 + Level 11.9 Armour
 - Level 3.3 Dodging
 - Level 2.2 Stealth
 - Level 4.1 Spellcasting
 * Level 7.7 Translocations
 - Level 4.0 Invocations
 + Level 6.2 Evocations


You had 12 spell levels left.
You knew the following spells:

 Your Spells              Type           Power        Failure   Level  Hunger
a - Apportation           Tloc           ###.......   16%         1    ##.....
b - Animate Skeleton      Necr           N/A          99%         1    ##.....
c - Summon Small Mammal   Summ           #...         99%         1    ##.....
d - Flight                Chrm/Air       #.........   100%        3    ####...
e - Blink                 Tloc           N/A          22%         2    ###....


Dungeon Overview and Level Annotations

Branches:
Dungeon (13/15)            Temple (0/1) D:4             Orc (4/4) D:11
    Elf (0/3) Orc:3          Lair (8/8) D:11         Shoals (0/5) Lair:3
  Slime (0/6) Lair:8
  Swamp: Lair:3-6     Snake: Lair:3-6    Spider: Lair:3-6    Vaults: D:13-14

Altars:
Ashenzari
Makhleb
Qazlal
Trog
Zin
Jiyva

Shops:
D:4 %   D:7 =

Annotations:
D:8 Grum
D:9 exclusion: silver statue
D:11 ORC!!!!!!!!!!!!!!, exclusion: downstairs
Orc:4 Sonja
Lair:1 exclusion: upstairs
Lair:2 exclusions: oklob plant and upstairs
Lair:3 SNAKE


Innate Abilities, Weirdness & Mutations

You reflexively headbutt those who attack you in melee.
You have a pair of horns on your head.
You possess an exceptional clarity of mind.
Your natural rate of healing is unusually fast.
Your spells are a little harder to cast, but a little more powerful.


Message History

Okay, then.
Read which item? (? for menu, Esc to quit)
As you read the scroll of teleportation, it crumbles to dust.
You feel strangely unstable.
You feel sick.
The centaur unwields an uncursed shortbow.
The centaur hits you.
* * * LOW HITPOINT WARNING * * *
Sonja shoots a curare-tipped needle.
The curare-tipped needle hits you.
You are more poisoned.
You have difficulty breathing.
* * * LOW HITPOINT WARNING * * *
You feel as though you will be slow longer.
The orc warrior moves out of view.
The centaur barely misses you.
Your green death gestures at the centaur.
The poison arrow hits the centaur.
The centaur is poisoned.
The centaur dies!
Makhleb accepts your collateral kill.
The orc warrior barely misses you.
The orc knight shoots a bolt.
The bolt hits you.
You die...

#. #≈.≈≈.....
#..#≈≈§§....
≈≈#..#§≈≈≈..##
.............#
.............#
.........)...#
......#<##.#########
...#..###(.)(.........
..........()(@........
..........##))##..##..
........##.2)o...K..
..#.....#..........≈
............o....≈≈
.......#...o..≈≈≈≈
...#..#....o≈≈≈≈
.##........o.o
...........


You could see an orc knight, Sonja, 4 orc warriors, an orc (frenzied) and a
friendly green death.

Vanquished Creatures
  A minotaur (Lab)
  Josephine (Orc:3)
  A hydra (Lair:1)
  Harold (Lair:5)
  A ravenous item mimic (Lair:8)
  Erica (Lair:3)
  A hill giant (D:10)
  An orc sorcerer (Orc:2)
  2 wolf spiders (Lair:8)
  Joseph (Orc:1)
  A red wasp (Lair:8)
  2 griffons
  A cyclops (D:12)
  11 elephants (Lair:6)
  A guardian serpent (Lair:8)
  8 black mambas
  A mermaid (Lair:3)
  A queen ant (Lair:6)
  8 spiny frogs
  A komodo dragon (Lair:7)
  A fire drake (Lair:6)
  5 trolls
  5 polar bears (Lair:8)
  6 blink frogs
  3 basilisks
  A shadow (D:11)
  2 sharks (D:11)
  2 water elementals (D:11)
  4 hippogriffs
  4 wyverns
  9 hogs (Lair:8)
  5 ugly things
  26 wolves
  3 yaks (Lair:8)
  4 hell hounds (Lair:8)
  2 nagas (Lair:3)
  3 soldier ants (Lair:6)
  7 wargs
  17 water moccasins
  12 orc warriors
  2 porcupines
  3 sky beasts
  4 spiders (Lair:8)
  9 black bears
  2 boring beetles
  2 phantoms (D:8)
  A necrophage (D:7)
  2 centaurs
  9 ogres
  The ghost of geedorah the Sneak, an average DsAs (D:3)
  A lava worm (Lair:4)
  2 ice beasts
  Duvessa (D:8)
  3 giant slugs
  A big kobold (D:10)
  6 giant frogs
  6 crocodiles
  Blork the orc (Orc:1)
  A tengu zombie (D:9)
  An eye of draining (D:8)
  2 scorpions
  9 killer bees (D:11)
  3 goliath beetles
  Dowan (D:8)
  3 electric eels (D:11)
  A crimson imp (D:8)
  15 orc priests
  26 hounds
  A centaur skeleton (D:9)
  3 jellies
  2 orange rats (Lair:6)
  2 iguanas (D:4)
  11 orc wizards
  34 worker ants
  6 sheep (Lair:8)
  A hound zombie (D:7)
  A hound skeleton (D:6)
  9 mummies
  20 adders
  16 green rats
  An inept item mimic (D:5)
  A shadow imp (D:9)
  An inept feature mimic (D:6)
  A giant mite (D:3)
  4 worms
  4 giant geckos
  84 orcs
  8 bats
  8 hobgoblins
  3 quokkas
  A ball python (D:4)
  2 giant cockroaches
  A giant newt (D:1)
  2 gnoll zombies (Ossuary)
  6 goblins
  2 goblin zombies (Orc:3)
  A hobgoblin simulacrum (Orc:3)
  A hobgoblin zombie (Ossuary)
  25 jackals
  11 kobolds
  5 kobold zombies (Ossuary)
  An orc simulacrum (Orc:3)
  3 orc skeletons
  5 orc zombies (Orc:2)
  11 rats
  2 fungi
  4 plants (Lair:8)
589 creatures vanquished.

Vanquished Creatures (collateral kills)
  2 hydras
  An orc knight (Orc:4)
  2 red wasps (Lair:8)
  2 spiny frogs
  A komodo dragon (Lair:8)
  2 blink frogs (Lair:5)
  An elephant slug (Lair:8)
  2 orc warriors (Orc:4)
  2 centaurs (Orc:4)
  A lava worm (Lair:4)
  2 giant mites (Lair:5)
  An orc (Orc:4)
19 creatures vanquished.

Vanquished Creatures (others)
  2 blizzard demons (Lair:8)
  A smoke demon (Lab)
  2 fungi (Lair:8)
  6 plants
11 creatures vanquished.

Grand Total: 619 creatures vanquished

Notes
Turn   | Place    | Note
--------------------------------------------------------------
     0 | D:1      | 4tharraofdagon, the Minotaur Gladiator, began the quest for the Orb.
     0 | D:1      | Reached XP level 1. HP: 18/18 MP: 1/1
   384 | D:3      | Reached skill level 4 in Axes
   384 | D:3      | Reached XP level 2. HP: 22/25 MP: 1/1
   395 | D:3      | Noticed geedorah's ghost (average DsAs)
   426 | D:3      | Killed geedorah's ghost
   426 | D:3      | Reached skill level 1 in Armour
   426 | D:3      | Reached skill level 1 in Stealth
   426 | D:3      | Reached XP level 3. HP: 23/31 MP: 2/2
   426 | D:3      | Reached XP level 4. HP: 28/38 MP: 2/2
   485 | D:3      | Reached skill level 5 in Axes
   520 | D:3      | Noticed an orc priest
   593 | D:4      | Reached XP level 5. HP: 17/45 MP: 2/2
   628 | D:4      | Found a shattered altar of Ashenzari.
   631 | D:4      | Found a bloodstained altar of Trog.
   634 | D:4      | Found a burning altar of Makhleb.
   645 | D:4      | Became a worshipper of Makhleb the Destroyer
   732 | D:4      | Found a staircase to the Ecumenical Temple.
   743 | D:4      | Found Khed's Food Shoppe.
   825 | D:4      | Noticed an ogre
   842 | D:4      | Killed an ogre
   842 | D:4      | Reached skill level 6 in Axes
   842 | D:4      | Reached XP level 6. HP: 49/52 MP: 3/3
   920 | D:5      | Entered Level 5 of the Dungeon
   920 | D:5      | Found a stormy altar of Qazlal.
   988 | D:6      | Found a sand-covered staircase.
   997 | Ossuary  | Entered an ossuary
  1008 | Ossuary  | Acquired Makhleb's first power
  1352 | D:6      | Reached skill level 1 in Evocations
  1353 | D:6      | Reached XP level 7. HP: 53/60 MP: 3/4
  1479 | D:7      | Reached skill level 7 in Axes
  1579 | D:6      | Reached skill level 5 in Fighting
  1741 | D:7      | Reached skill level 8 in Axes
  1877 | D:7      | Reached XP level 8. HP: 45/69 MP: 6/6
  1982 | D:7      | Found Raqu's Jewellery Shop.
  1990 | D:7      | ...
  2025 | D:8      | Noticed Grum
  2095 | D:7      | Gained mutation: You possess an exceptional clarity of mind. [mutagenic meat]
  2096 | D:7      | Gained mutation: Your natural rate of healing is unusually fast. [mutagenic meat]
  2127 | D:8      | Acquired Makhleb's second power
  2181 | D:8      | Reached skill level 9 in Axes
  2202 | D:8      | Reached skill level 5 in Armour
  2217 | D:8      | Noticed Dowan
  2218 | D:8      | Noticed Duvessa
  2233 | D:8      | Killed Duvessa
  2234 | D:8      | Killed Dowan
  2314 | D:8      | oh
  2319 | D:8      | Reached skill level 10 in Axes
  2368 | D:8      | nice
  2368 | D:8      | indeed
  2409 | D:8      | Reached XP level 9. HP: 40/78 MP: 8/8
  2620 | D:10     | Entered Level 10 of the Dungeon
  2647 | D:10     | Found a glowing silver altar of Zin.
  2660 | D:10     | Reached skill level 1 in Spellcasting
  2685 | D:10     | Noticed a hill giant
  2695 | D:10     | Killed a hill giant
  2695 | D:10     | Reached skill level 11 in Axes
  2725 | D:10     | Acquired Makhleb's third power
  2806 | D:10     | Got a steaming battleaxe
  2808 | D:10     | Identified the +9,+8 battleaxe "Irohew" {chop, rC++ Str+1 Int-3} (You found it on level 10 of the Dungeon)
  2809 | D:10     | chop!
  3078 | D:9      | Reached XP level 10. HP: 88/88 MP: 11/11
  3095 | D:9      | Reached skill level 12 in Axes
  3182 | D:9      | Learned a level 1 spell: Apportation
  3184 | D:9      | Learned a level 1 spell: Animate Skeleton
  3186 | D:9      | Learned a level 1 spell: Summon Small Mammal
  3190 | D:9      | Learned a level 3 spell: Flight
  3270 | D:11     | Found a staircase to the Lair.
  3286 | D:10     | Acquired Makhleb's fourth power
  3379 | D:11     | Reached skill level 1 in Translocations
  3512 | D:11     | Noticed a six-headed hydra
  3515 | D:11     | Reached skill level 1 in Invocations
  3593 | D:12     | Noticed a cyclops
  3816 | Lair:1   | Entered Level 1 of the Lair of Beasts
  3823 | Lair:1   | Acquired Makhleb's fifth power
  3880 | Lair:1   | Noticed a seven-headed hydra
  3941 | Lair:2   | Noticed a griffon
  3948 | Lair:2   | Killed a griffon
  3948 | Lair:2   | Reached skill level 13 in Axes
  3948 | Lair:2   | Reached XP level 11. HP: 97/97 MP: 14/14
  3974 | Lair:2   | Noticed an oklob plant
  3980 | Lair:3   | Noticed Erica
  4005 | Lair:3   | Killed Erica
  4177 | Lair:3   | Found a staircase to the Shoals.
  4199 | Lair:3   | Noticed a seven-headed hydra
  4444 | Lair:5   | Noticed a seven-headed hydra
  4462 | Lair:5   | Killed a seven-headed hydra
  4805 | Lair:6   | Reached skill level 14 in Axes
  4826 | Lair:6   | Reached XP level 12. HP: 88/106 MP: 18/18
  4869 | Lair:6   | Identified 2 scrolls of acquirement
  4870 | Lair:6   | Got a pair of fine boots
  4874 | Lair:6   | Identified the +1 pair of boots of Limited Liability {Str+1 Dam-5} (You acquired it on level 6 of the Lair of Beasts)
  4878 | Lair:6   | ROTFL
  4952 | Lair:6   | Noticed a six-headed hydra
  4961 | Lair:6   | Noticed a green death
  5002 | Lair:7   | Found a labyrinth entrance.
  5038 | Lab      | Entered a labyrinth
  5042 | Lab      | Learned a level 2 spell: Blink
  5094 | Lab      | Noticed a minotaur
  5104 | Lab      | Killed a minotaur
  5104 | Lab      | Reached skill level 10 in Fighting
  5136 | Lab      | Identified a +3 rod of destruction (9/9) (You found it in a labyrinth)
  5137 | Lab      | Identified a +4 rod of inaccuracy (11/11) (You found it in a labyrinth)
  5184 | Lair:6   | Reached skill level 10 in Armour
  5196 | Lair:6   | Reached skill level 5 in Translocations
  5518 | Lair:8   | Entered Level 8 of the Lair of Beasts
  5566 | Lair:8   | Killed a ravenous pile of gold mimic
  5640 | Lair:8   | Reached skill level 15 in Axes
  5685 | Lair:8   | Paralysed by a red wasp for 4 turns
  5695 | Lair:8   | Paralysed by a red wasp for 3 turns
  5835 | Lair:8   | Noticed a seven-headed hydra
  5842 | Lair:8   | Killed a nine-headed hydra
  5922 | Lair:8   | Found a staircase to the Slime Pits.
  5922 | Lair:8   | Found a viscous altar of Jiyva.
  5980 | Lair:8   | Paralysed by a red wasp for 4 turns
  6029 | Lair:8   | Gained mutation: Your spells are a little harder to cast, but a little more powerful. [potion of beneficial mutation]
  6073 | Lair:8   | Reached XP level 13. HP: 113/115 MP: 19/19
  6200 | Lair:8   | Reached skill level 5 in Evocations
  6639 | Lair:6   | Reached skill level 16 in Axes
  6665 | Lair:5   | Noticed Harold
  6678 | Lair:5   | Killed Harold
  6881 | Lair:1   | Killed a 12-headed hydra
  7005 | D:12     | Killed a cyclops
  7098 | D:11     | Found a staircase to the Orcish Mines.
  7118 | Orc:1    | Entered Level 1 of the Orcish Mines
  7118 | Orc:1    | Noticed Joseph
  7129 | Orc:1    | Killed Joseph
  7242 | Orc:1    | Noticed Blork the orc
  7246 | Orc:1    | Killed Blork the orc
  7467 | Orc:3    | Found a staircase to the Elven Halls.
  7479 | Orc:3    | Noticed Josephine
  7489 | Orc:3    | Killed Josephine
  7566 | Orc:4    | Entered Level 4 of the Orcish Mines
  7579 | Orc:4    | Noticed Sonja
  7594 | Orc:4    | HP: 5/117 [asphyx]
  7594 | Orc:4    | Shot with a bolt by an orc knight

Action                   |  1- 3 |  4- 6 |  7- 9 | 10-12 | 13-15 || total
-------------------------+-------+-------+-------+-------+-------++-------
Melee: War axe           |    30 |   123 |   177 |       |       ||   330
       Battleaxe         |       |       |    81 |   480 |   416 ||   977
Throw: Throwing net      |       |    14 |     2 |       |       ||    16
 Cast: Animate Skeleton  |       |       |       |     1 |       ||     1
       Apportation       |       |       |       |       |    26 ||    26
Invok: Greater Servant o |       |       |       |     5 |     1 ||     6
       Lesser Servant of |       |       |       |     1 |       ||     1
 Abil: Evoke Teleport Co |       |       |       |     1 |     2 ||     3
       Evoke Teleportati |       |       |       |       |     3 ||     3
Evoke: Wand              |       |     1 |     4 |    11 |       ||    16
  Use: Potion            |     1 |     3 |     3 |     7 |       ||    14
       Scroll            |       |     5 |    13 |    20 |     4 ||    42
 Stab: Held in net/web   |       |     3 |       |       |       ||     3
       Invisible         |       |       |     1 |       |       ||     1
       Distracted        |       |       |       |     2 |       ||     2

Vault maps used:
D:1:      onia_arrival_mini_maze_b
D:4:      grunt_temple_overflow_diamond, minmay_temple_entry_mist, first_bread,
          kennysheep_windowed_goal
D:5:      fedhas_altar_fruit_tree, old_standard_altar, basic_altar,
          kennysheep_another_room, minmay_misc_feat_encased,
          nicolae_gozag_zags_fifth_avenue, uniq_sigmund, uniq_menkaure,
          uniq_eustachio
D:6:      gup_ossuary_entry_pyramid, tgw_sif
D:7:      serial_shops, kennysheep_mini, basic_altar
D:8:      kennysheep_small_circle, uniq_duvessa, uniq_grum
D:9:      minmay_statue_crystal_thing
D:10:     basic_altar, uniq_psyche
D:11:     david_orc_4, erik_lair_island, david_nohive_1, minivault_25
D:12:     introduction_to_nature_2, uniq_fannar
D:13:     basic_altar, lemuel_angel_altar
Orc:1:    uniq_snorg, uniq_blork_the_orc, uniq_joseph
Orc:3:    serial_shops, nicolae_orc_pool_cavern, baited_tele_trap,
          uniq_josephine
Orc:4:    st_orc_rangers, guppyfry_orc_lava_fort, uniq_saint_roka, uniq_sonja
Lair:1:   st_stairs_7
Lair:2:   portal_ice_cave_entry_pillars_01, minmay_lair_oklob_bushes
Lair:3:   minmay_shoals_entry_lonely_mermaid,
          minmay_snake_entry_guardpost_medium, uniq_erica
Lair:5:   lemuel_fruit_tree, serial_bayou_shore_b, infiniplex_staircase_pool,
          uniq_harold
Lair:6:   kennysheep_rathole, minivault_23, st_stairs_5, zaba_antful_of_joy
Lair:7:   lab_entry_generic, wad_woods_river_01
Lair:8:   hangedman_lair_tendril_chambers, hangedman_lair_caniforms_friends,
          slime_altar_1
Lab:      labyrinth_hidden_loot
Ossuary:  ossuary_tomb_3
